 Dungeon Crawl Stone Soup version 0.29.1-1-gd02db6906a (webtiles) character file.

Game seed: 15924289198624170658

5407 olmar the Basher (level 10, -1/96 HPs)
             Began as a Gargoyle Fighter on Sept 24, 2022.
             Slain by a boulder beetle (6 damage)
             ... on level 9 of the Dungeon on Oct 13, 2022.
             The game lasted 00:14:23 (6422 turns).

olmar the Basher (Gargoyle Fighter)                 Turns: 6422, Time: 00:14:24

Health: -1/96      AC: 25    Str: 24    XL:     10   Next: 67%
Magic:  10/10      EV:  2    Int:  9    God:
Gold:   430        SH:  5    Dex:  9    Spells: 9/9 levels left

rFire   . . .      SeeInvis .   N - +4 mace
rCold   . . .      Faith    .   c - +0 buckler
rNeg    + . .      Spirit   .   (body armour currently unavailable)
rPois   ∞          Reflect  .   (helmet currently unavailable)
rElec   .          Harm     .   (cloak currently unavailable)
rCorr   .          Rampage  .   (gloves currently unavailable)
Will    +....      Rage     3%  (boots currently unavailable)
Stlth   +......... NoTele   +   k - amulet of regeneration
HPRegen 1.06/turn               j - +4 ring of evasion
MPRegen 0.12/turn               m - ring of willpower

@: tree-form
A: stationary, stasis, torment immunity, boosted hp, sickness immunity, AC +7,
negative energy resistance 1, (electricity resistance), torment resistance 1,
petrification resistance, berserk 1
a: no special abilities


You were on level 9 of the Dungeon.
You were a tree.
You visited 1 branch of the dungeon, and saw 11 of its levels.

You collected 430 gold pieces.

Inventory:

Hand Weapons
 a - a +0 flail
 M - a +2 mace
 N - a +4 mace (weapon)
Missiles
 y - 2 poisoned darts (quivered)
 O - 2 javelins
Armour
 b - a +0 scale mail
 c - a +0 buckler (worn)
 q - a +1 plate armour (melded)
Jewellery
 j - a +4 ring of evasion (left branch)
 k - an amulet of regeneration (around neck)
 m - a ring of willpower (right branch)
 H - a +4 ring of slaying
 I - a ring of fire
 J - a +4 ring of protection
Wands
 h - a wand of mindburst (1)
 i - a wand of flame (68)
Scrolls
 g - a scroll of butterflies
 n - a scroll of blinking
 o - a scroll of magic mapping {unknown}
 p - a scroll of immolation {unknown}
 t - a scroll of enchant armour
 u - a scroll of enchant weapon
 w - a scroll of fear {unknown}
 A - a scroll of poison {unknown}
 B - a scroll of amnesia {unknown}
 C - a scroll of summoning {unknown}
 G - 2 scrolls of identify
Potions
 d - a potion of might
 f - a potion of resistance
 l - a potion of mutation
 r - a potion of brilliance
 z - 2 potions of lignification
 D - a potion of attraction
 E - a potion of cancellation
 F - a potion of invisibility {unknown}


   Skills:
 + Level 7.9 Fighting
 + Level 10.8 Maces & Flails
 + Level 8.8 Armour
 - Level 1.6 Dodging
 - Level 1.0 Stealth
 + Level 6.5 Shields


You had 9 spell levels left.
You didn't know any spells.
Your spell library contained the following spells:

 Spells                   Type           Power      Damage    Failure   Level
 Sandblast                Erth           0%         2d4       45%         1
 Blink                    Tloc           0%         N/A       61%         2
 Passwall                 Tmut/Erth      0%         N/A       61%         2
 Stone Arrow              Conj/Erth      0%         3d7       83%         3
 Olgreb's Toxic Radiance  Pois           0%         N/A       99%         4
 Manifold Assault         Tloc           0%         N/A       100%        5
 Ozocubu's Refrigeration  Ice            0%         4d7       100%        7
 Storm Form               Tmut/Air       0%         N/A       100%        7
 Ignition                 Fire           0%         3d3       100%        8


Dungeon Overview and Level Annotations

Branches:
Dungeon (11/15)            Temple (0/1) D:7
   Lair: D:8-11         Orc: D:9-12

Altars:
Cheibriados
Trog

Shops:
D:5 (

Portals:
Bailey: D:9


Innate Abilities, Weirdness & Mutations

You are a tree.
Your roots penetrate the ground, keeping you stationary.
You cannot be teleported.
You are immune to unholy pain and torment.
Your maximum health is greatly increased.
Your equipment is partially melded.
You are immune to sickness and miasma.
((Your stone body is resilient. (AC +7)))
You are immune to poison.
You resist negative energy. (rN+)
((You are resistant to electric shocks. (rElec)))
You are resistant to unholy torment.
You are immune to petrification.
You sometimes lose your temper in combat.


Message History

You hear the faint creaking of a portcullis very nearby.
Items here: ))) [[.
The boulder beetle attacks as you move away!
The boulder beetle bites you!
* * * LOW HITPOINT WARNING * * *
The boulder beetle leaps!
Items here: ††††.
Okay, then.
Okay, then.
Aiming: Throw Flame
Press: ? - help, Shift-Dir - straight line, f - boulder beetle
Aim: a boulder beetle (heavily wounded, 100% to hit)
The puff of flame hits the boulder beetle but does no damage.
The boulder beetle is heavily wounded.
The boulder beetle is engulfed in a cloud of scalding steam.
Unknown command.
Unknown command.
Okay, then.
Really quaff the potion of lignification?
You turn into a tree.
Your +1 plate armour melds into your body.
Your roots penetrate the ground.
Unknown command.
Throw: 3 darts (poison)
Press: ? - help, Q - select action, (/) - cycle Shift-Dir - straight line, f/p - boulder beetle
Aim: a boulder beetle (heavily wounded, 89% to hit)
You throw a poisoned dart.
The poisoned dart hits the boulder beetle.
The boulder beetle is poisoned.
The boulder beetle is heavily wounded.
You hit the boulder beetle but do no damage.
The boulder beetle is heavily wounded.
The boulder beetle bites you!
* * * LOW HITPOINT WARNING * * *
Unknown command.
Unknown command.
It was a potion of mutation.
You feel extremely strange.
You feel a little pissed off. The boulder beetle bites you.
You die...

###############
#))))..........
#.###########.#
#♣#
#########B#######
.........(.......
.................
##...##.~~~~~~~..
#.. #.~≈####~..
#.. ##.~~#.∩# .#
##...#..~≈'..# #
........~~'..#


You could see a boulder beetle (poisoned).

Vanquished Creatures
  Grinder (D:6)
  Sigmund (D:6)
  A wyvern (D:10)
  4 yaks (D:6)
  3 steam dragons (D:7)
  A water moccasin (D:5)
  3 ice beasts
  2 orc warriors
  A black bear (D:5)
  5 ogres
  A wolf (D:9)
  A centaur (D:10)
  4 phantoms
  2 bullfrogs
  A kobold brigand (D:7)
  A necrophage (D:6)
  8 scorpions
  5 wights (D:8)
  10 killer bees
  A howler monkey (D:5)
  3 orc priests
  2 hounds
  3 jellies
  Jessica (D:3)
  8 iguanas
  9 orc wizards
  4 gnolls (D:5)
  12 adders
  A shadow imp (D:7)
  2 worms (D:2)
  2 dart slugs
  19 orcs
  8 endoplasms
  2 giant cockroaches (D:3)
  9 goblins
  7 hobgoblins
  2 jackals (D:2)
  5 quokkas
  7 ball pythons
  6 bats
  2 frilled lizards
  2 kobolds
  7 rats
179 creatures vanquished.

Vanquished Creatures (others)
  8 fungi (D:4)
  19 plants (D:1)
27 creatures vanquished.

Grand Total: 206 creatures vanquished

Notes
Turn   | Place    | Note
-------+----------+-------------------------------------------
     0 | D:1      | olmar the Gargoyle Fighter began the quest for the Orb.
     0 | D:1      | Reached XP level 1. HP: 14/14 MP: 1/1
   236 | D:1      | Reached XP level 2. HP: 18/19 MP: 2/2
   880 | D:2      | Reached XP level 3. HP: 19/23 MP: 3/3
  1264 | D:2      | Reached XP level 4. HP: 28/28 MP: 4/4
  1481 | D:3      | Reached skill level 3 in Maces & Flails
  1488 | D:3      | Found a snail-covered altar of Cheibriados.
  1545 | D:3      | Noticed Jessica
  1559 | D:3      | Killed Jessica
  1669 | D:3      | Reached XP level 5. HP: 33/33 MP: 5/5
  2090 | D:4      | Reached skill level 4 in Maces & Flails
  2112 | D:4      | Reached XP level 6. HP: 31/38 MP: 6/6
  2135 | D:4      | Reached skill level 1 in Dodging
  2155 | D:4      | Reached skill level 5 in Maces & Flails
  2172 | D:4      | Reached XP level 7. HP: 43/43 MP: 7/7
  2212 | D:4      | Reached skill level 5 in Armour
  2703 | D:4      | Reached skill level 6 in Maces & Flails
  3176 | D:5      | Entered Level 5 of the Dungeon
  3243 | D:5      | Reached skill level 1 in Stealth
  3243 | D:5      | Reached XP level 8. HP: 42/48 MP: 8/8
  3315 | D:5      | Found Vijogej's Weapon Emporium.
  3449 | D:5      | Reached skill level 7 in Maces & Flails
  3591 | D:5      | Reached skill level 5 in Fighting
  4014 | D:6      | Noticed Sigmund
  4017 | D:6      | Killed Sigmund
  4018 | D:6      | Reached skill level 5 in Shields
  4207 | D:6      | Reached skill level 8 in Maces & Flails
  4207 | D:6      | Reached XP level 9. HP: 54/54 MP: 9/9
  4509 | D:6      | Noticed Grinder
  4531 | D:6      | Killed Grinder
  4535 | D:6      | Reached skill level 9 in Maces & Flails
  5111 | D:7      | Reached XP level 10. HP: 24/63 MP: 10/10
  5338 | D:7      | Reached skill level 10 in Maces & Flails
  5388 | D:7      | Found a staircase to the Ecumenical Temple.
  5452 | D:7      | Found a bloodstained altar of Trog.
  6097 | D:8      | You fall into a shaft and drop 3 floors!
  6113 | D:10     | Entered Level 10 of the Dungeon
  6220 | D:9      | Noticed a boulder beetle
  6238 | D:9      | Noticed a boulder beetle
  6324 | D:9      | Found a flagged portal.
  6421 | D:9      | HP: 4/96 [boulder beetle (14)]
  6422 | D:9      | Gained mutation: You sometimes lose your temper in combat.
                  | [potion of mutation]
  6422 | D:9      | Slain by a boulder beetle

Illustrated notes

Levels and vault maps discovered:
D:1:      roderic_crop_circles_arrival_small, layout_rooms
D:2:      layout_basic, minmay_tetromino_s2
D:3:      layout_basic, nicolae_overflow_hidden_temple, uniq_jessica
D:4:      old_forge, layout_basic
D:5:      layout_basic, serial_shops, kennysheep_mini
D:6:      layout_gridville, kennysheep_generic_room_12, uniq_grinder,
          uniq_sigmund
D:7:      layout_layer_cave, bloody_trog, minmay_temple_entry_ruins,
          corner_web_ring, minmay_fractal_squares_diagonal_5
D:8:      layout_loops_ring, minmay_liquid_box, uniq_gastronok, uniq_maggie
D:9:      layout_long_grid, erik_lair_island, enter_bailey_4,
          minmay_parallelograms
D:10:     layout_roguey, minmay_fractal_squares_gapless_7, uniq_psyche,
          uniq_erolcha
D:11:     layout_cave_pools

Skill      XL: |  1  2  3  4  5  6  7  8  9 10 |
---------------+-------------------------------+-----
Maces & Flails | 3 4 5 6 8 9 10 | 10.8
Armour         | 4 5 6 7 8 |  8.8
Fighting       | 4 5 7 |  7.9
Dodging        | 1 |  1.6
Shields        | 4 5 6 |  6.5
Stealth        | 1 |  1.0

Action                   |  1- 3 |  4- 6 |  7- 9 | 10-12 || total
-------------------------+-------+-------+-------+-------++-------
Melee: Flail             |   120 |   123 |   451 |    85 ||   779
       Mace              |       |       |       |   170 ||   170
Throw: Dart              |       |       |       |     3 ||     3
Evoke: Wand              |       |       |    11 |    14 ||    25
  Use: Scroll            |       |       |     7 |     5 ||    12
       Potion            |       |       |     3 |     5 ||     8
 Stab: Held in net/web   |       |       |     1 |       ||     1
Armor: Scale mail        |    60 |    66 |    35 |       ||   161
       Plate armour      |       |       |   226 |   159 ||   385
       Skin              |       |       |    25 |       ||    25
Dodge: Dodged            |    67 |    89 |   209 |   149 ||   514
Block: Buckler           |    19 |    28 |    92 |    82 ||   221
